NCAA
KANSAS JAYHAWKS @ XAVIER MUSKETEERS
04/04/2028
 
TOP OF THE 1ST
Kansas Jayhawks batting - Pitching for Xavier Musketeers : LHP Jeffery Cleveland
Pitching: LHP Jeffery Cleveland
Batting: RHB George Gardner 0-0: Swinging Strike
0-1: Ball
1-1: Foul Ball, location: 2F
1-2: Ball
2-2: Strikes out swinging
Batting: RHB Allen Barlow 0-0: Ball
1-0: Ball
2-0: Called Strike
2-1: SINGLE (Flyball, 9)
Batting: LHB Tony Ríos 0-0: Ball
1-0: Foul Ball, location: 2F
1-1: Called Strike
1-2: 2-RUN HOME RUN (Flyball, 7D), Distance : 360 ft
Batting: RHB Peyton Ryan 0-0: Swinging Strike
0-1: Swinging Strike
0-2: Foul Ball, location: 2F
0-2: Strikes out swinging
Batting: LHB Mike Bowers 0-0: Ball
1-0: Called Strike
1-1: Ball
2-1: Ball
3-1: Base on Balls
Batting: RHB Félix Chávez 0-0: Ball
1-0: Called Strike
1-1: Ball
2-1: Fly out, F8 (Flyball, 89M)
Top of the 1st over - 2 run(s), 2 hit(s), 0 error(s), 1 left on base; Kansas 2 - Xavier 0
BOTTOM OF THE 1ST
Xavier Musketeers batting - Pitching for Kansas Jayhawks : RHP Julien Bernard
Pitching: RHP Julien Bernard
Batting: RHB Art Cornell 0-0: Ground out 6-3 (Groundball, 6)
Batting: RHB Florentino López 0-0: Ball
1-0: Swinging Strike
1-1: Fly out, F9 (Flyball, 9S)
Batting: LHB Freddy Torres 0-0: Ball
1-0: Ball
2-0: Called Strike
2-1: Foul Ball, location: 2F
2-2: Ball
3-2: Foul Ball, location: 2F
3-2: Strikes out swinging
Bottom of the 1st over - 0 run(s), 0 hit(s), 0 error(s), 0 left on base; Kansas 2 - Xavier 0
TOP OF THE 2ND
Kansas Jayhawks batting - Pitching for Xavier Musketeers : LHP Jeffery Cleveland
Batting: RHB Sidney Gilbert 0-0: Ball
1-0: Ball
2-0: Ball
3-0: Swinging Strike
3-1: Base on Balls
Batting: RHB Andrew Jenkins 0-0: Called Strike
Sidney Gilbert steals 2nd base
0-1: Ball
1-1: Foul Ball, location: 2F
1-2: Ball
2-2: Ball
3-2: Strikes out swinging
Batting: RHB Mike Hill 0-0: Foul Ball, location: 2F
0-1: Ball
1-1: Foul Ball, location: 2F
1-2: Ball
2-2: Strikes out swinging
Batting: RHB George Gardner 0-0: Ball
1-0: Foul Ball, location: 2F
1-1: Fly out, F7 (Flyball, 7)
Top of the 2nd over - 0 run(s), 0 hit(s), 0 error(s), 1 left on base; Kansas 2 - Xavier 0
BOTTOM OF THE 2ND
Xavier Musketeers batting - Pitching for Kansas Jayhawks : RHP Julien Bernard
Batting: LHB Luis Martínez 0-0: Foul Ball, location: 2F
0-1: Fly out, F8 (Flyball, 8LS)
Batting: RHB Jeff Lawrence 0-0: Fly out, F9 (Flyball, 9)
Batting: LHB Pancho Robles 0-0: Swinging Strike
0-1: Ball
1-1: Foul Ball, location: 2F
1-2: Strikes out swinging
Bottom of the 2nd over - 0 run(s), 0 hit(s), 0 error(s), 0 left on base; Kansas 2 - Xavier 0
TOP OF THE 3RD
Kansas Jayhawks batting - Pitching for Xavier Musketeers : LHP Jeffery Cleveland
Batting: RHB Allen Barlow 0-0: Called Strike
0-1: Called Strike
0-2: Fly out, F4 (Line Drive, 4)
Batting: LHB Tony Ríos 0-0: Foul Ball, location: 2F
0-1: Swinging Strike
0-2: Ball
1-2: Ball
2-2: Ball
3-2: Foul Ball, location: 2F
Error on foul ball, E2
3-2: Ground out U3 (Groundball, 34)
Batting: RHB Peyton Ryan 0-0: Called Strike
0-1: Called Strike
0-2: Ball
1-2: Ball
2-2: Foul Ball, location: 2F
2-2: Strikes out looking
Top of the 3rd over - 0 run(s), 0 hit(s), 1 error(s), 0 left on base; Kansas 2 - Xavier 0
BOTTOM OF THE 3RD
Xavier Musketeers batting - Pitching for Kansas Jayhawks : RHP Julien Bernard
Batting: RHB Les Rupp 0-0: Called Strike
0-1: Fly out, F9 (Line Drive, 9S)
Batting: LHB Bobby Meegan 0-0: Called Strike
0-1: Fly out, F7 (Flyball, 7S)
Batting: RHB Bobby Doyle 0-0: Ball
1-0: Ball
2-0: Ball
3-0: Base on Balls
Batting: RHB Art Cornell 0-0: Ball
1-0: Foul Ball, location: 2F
1-1: Ball
2-1: Ball
3-1: Foul Ball, location: 2F
3-2: Base on Balls
Bobby Doyle to second
Batting: RHB Florentino López 0-0: DOUBLE (Flyball, 78M)
Bobby Doyle scores
Art Cornell to third
Runner from 3rd tries for Home, SAFE, no throw
Batting: LHB Freddy Torres 0-0: SINGLE (Line Drive, 4M)
Florentino López to third
Batting: LHB Luis Martínez 0-0: Ball
1-0: Ball
2-0: 3-RUN HOME RUN (Line Drive, 89XD), Distance : 418 ft
Batting: RHB Jeff Lawrence 0-0: Called Strike
0-1: Fly out, F8 (Line Drive, 89M)
Bottom of the 3rd over - 5 run(s), 3 hit(s), 0 error(s), 0 left on base; Kansas 2 - Xavier 5
TOP OF THE 4TH
Kansas Jayhawks batting - Pitching for Xavier Musketeers : LHP Jeffery Cleveland
Batting: LHB Mike Bowers 0-0: Called Strike
0-1: Foul Ball, location: 2F
0-2: Strikes out swinging
Batting: RHB Félix Chávez 0-0: Foul Ball, location: 2F
0-1: Foul Ball, location: 2F
0-2: Ball
1-2: Ball
2-2: Strikes out swinging
Batting: RHB Sidney Gilbert 0-0: Foul Ball, location: 2F
0-1: Fly out, F6 (Line Drive, 6M)
Top of the 4th over - 0 run(s), 0 hit(s), 0 error(s), 0 left on base; Kansas 2 - Xavier 5
BOTTOM OF THE 4TH
Xavier Musketeers batting - Pitching for Kansas Jayhawks : RHP Julien Bernard
Batting: LHB Pancho Robles 0-0: Called Strike
0-1: Ball
1-1: Swinging Strike
1-2: Ball
2-2: SINGLE (Flyball, 8LS)
Batting: RHB Les Rupp 0-0: Foul Ball, location: 2F
0-1: Called Strike
0-2: Ball
1-2: Ball
2-2: Ball
3-2: Base on Balls
Pancho Robles to second
Batting: LHB Bobby Meegan 0-0: Swinging Strike
0-1: SINGLE (Groundball, 6D)
Pancho Robles to third
Les Rupp to second
Batting: RHB Bobby Doyle 0-0: Fly out, F5 (Line Drive, 5)
Batting: RHB Art Cornell 0-0: Swinging Strike
0-1: Ball
1-1: Foul Ball, location: 2F
1-2: Ball
2-2: Reached on error, E6 (Groundball, 6)
Pancho Robles scores
Les Rupp to third
Bobby Meegan to second
Batting: RHB Florentino López 0-0: Called Strike
0-1: Ball
1-1: Called Strike
1-2: Grounds into double play, 5-4-3 (Groundball, 5)
Bottom of the 4th over - 1 run(s), 2 hit(s), 1 error(s), 2 left on base; Kansas 2 - Xavier 6
TOP OF THE 5TH
Kansas Jayhawks batting - Pitching for Xavier Musketeers : LHP Jeffery Cleveland
Batting: RHB Andrew Jenkins 0-0: Foul Ball, location: 2F
0-1: Foul Ball, location: 2F
0-2: Foul Ball, location: 2F
0-2: Ball
1-2: Ball
2-2: Strikes out swinging
Batting: RHB Mike Hill 0-0: Ball
1-0: Ball
2-0: Fly out, F4 (Line Drive, 4D)
Batting: RHB George Gardner 0-0: Ball
1-0: Foul Ball, location: 2F
1-1: SINGLE (Line Drive, 56)
Pitching: RHP Austin Shepardson
Batting: RHB Allen Barlow 0-0: Called Strike
0-1: Ball
George Gardner is caught stealing 2nd base
Top of the 5th over - 0 run(s), 1 hit(s), 0 error(s), 0 left on base; Kansas 2 - Xavier 6
BOTTOM OF THE 5TH
Xavier Musketeers batting - Pitching for Kansas Jayhawks : RHP Julien Bernard
Pitching: RHP Sam Bryant
Batting: LHB Freddy Torres 0-0: Ball
1-0: Ball
2-0: Ball
3-0: Foul Ball, location: 2F
3-1: Foul Ball, location: 2F
3-2: Base on Balls
Batting: LHB Luis Martínez 0-0: Ball
1-0: Fly out, F9 (Flyball, 9S)
Batting: RHB Jeff Lawrence 0-0: Ball
1-0: Grounds into double play, 4-6-3 (Groundball, 4)
Bottom of the 5th over - 0 run(s), 0 hit(s), 0 error(s), 0 left on base; Kansas 2 - Xavier 6
TOP OF THE 6TH
Kansas Jayhawks batting - Pitching for Xavier Musketeers : RHP Austin Shepardson
Batting: RHB Allen Barlow 0-0: Ball
1-0: Foul Ball, location: 2F
1-1: Ground out 5-3 (Groundball, 56)
Batting: LHB Tony Ríos 0-0: Called Strike
0-1: Ball
1-1: Foul Ball, location: 2F
1-2: Foul Ball, location: 2F
1-2: Ground out 3-1 (Groundball, 34S)
Batting: RHB Peyton Ryan 0-0: Ball
1-0: Ball
2-0: Foul Ball, location: 2F
2-1: Foul Ball, location: 2F
2-2: Ball
3-2: Base on Balls
Batting: LHB Mike Bowers 0-0: Hit by Pitch
Peyton Ryan to second
Batting: RHB Félix Chávez 0-0: Ball
1-0: Ball
2-0: Called Strike
2-1: Ball
3-1: Called Strike
3-2: Base on Balls
Peyton Ryan to third
Mike Bowers to second
Batting: RHB Sidney Gilbert 0-0: Swinging Strike
0-1: Ball
1-1: Swinging Strike
1-2: Foul Ball, location: 2F
1-2: Ball
2-2: Ball
3-2: Strikes out swinging
Top of the 6th over - 0 run(s), 0 hit(s), 0 error(s), 3 left on base; Kansas 2 - Xavier 6
BOTTOM OF THE 6TH
Xavier Musketeers batting - Pitching for Kansas Jayhawks : RHP Sam Bryant
Batting: LHB Pancho Robles 0-0: Ball
1-0: Ball
2-0: Foul Ball, location: 2F
2-1: Ball
3-1: Foul Ball, location: 2F
3-2: Strikes out looking
Batting: RHB Les Rupp 0-0: Ball
1-0: Ball
2-0: Called Strike
2-1: Ball
3-1: Ground out 6-3 (Groundball, 56)
Batting: LHB Bobby Meegan 0-0: Ground out 4-3 (Groundball, 4S)
Bottom of the 6th over - 0 run(s), 0 hit(s), 0 error(s), 0 left on base; Kansas 2 - Xavier 6
TOP OF THE 7TH
Kansas Jayhawks batting - Pitching for Xavier Musketeers : RHP Austin Shepardson
Batting: RHB Andrew Jenkins 0-0: Called Strike
0-1: Ball
1-1: Ball
2-1: Ball
3-1: Base on Balls
Batting: RHB Mike Hill 0-0: Called Strike
0-1: Ball
1-1: Ball
2-1: Ground out 4-3 (Groundball, 4S)
Andrew Jenkins to second
Batting: RHB George Gardner 0-0: Ball
1-0: Called Strike
1-1: Called Strike
1-2: Ball
2-2: Ground out 6-3 (Groundball, 6M)
Andrew Jenkins to third
Batting: RHB Allen Barlow 0-0: Called Strike
0-1: Ball
1-1: Ground out 5-3 (Groundball, 56S)
Top of the 7th over - 0 run(s), 0 hit(s), 0 error(s), 1 left on base; Kansas 2 - Xavier 6
BOTTOM OF THE 7TH
Xavier Musketeers batting - Pitching for Kansas Jayhawks : RHP Sam Bryant
Batting: RHB Bobby Doyle 0-0: Ball
1-0: Called Strike
1-1: Ball
2-1: Ball
3-1: Base on Balls
Batting: RHB Art Cornell 0-0: Bunted foul
0-1: Bunted foul
0-2: SINGLE (Groundball, 56D)
Bobby Doyle to second
Batting: RHB Florentino López 0-0: Ball
1-0: Ball
2-0: Bunt missed!
2-1: Sac Bunt - play at first, batter OUT! 5-4
Bobby Doyle to third
Art Cornell to second
Batting: LHB Freddy Torres 0-0: Intentional Walk
Pitching: LHP Paul Bacon
Batting: LHB Luis Martínez 0-0: Ball
1-0: Called Strike
1-1: Ball
2-1: Called Strike
2-2: Foul Ball, location: 2F
2-2: Ball
3-2: Foul Ball, location: 2F
3-2: Fly out, F4 (Popup, 4D)
Batting: RHB Jeff Lawrence 0-0: Called Strike
0-1: Ball
1-1: GRAND SLAM HOME RUN (Flyball, 7D), Distance : 361 ft
Pitching: RHP Lance Ramsey
Batting: LHB Pancho Robles 0-0: Ball
1-0: Fly out, F6 (Line Drive, 6M)
Bottom of the 7th over - 4 run(s), 2 hit(s), 0 error(s), 0 left on base; Kansas 2 - Xavier 10
TOP OF THE 8TH
Kansas Jayhawks batting - Pitching for Xavier Musketeers : RHP Austin Shepardson
Batting: LHB Tony Ríos 0-0: Ground out 4-3 (Groundball, 4)
Batting: RHB Peyton Ryan 0-0: Foul Ball, location: 2F
0-1: Ball
1-1: Called Strike
1-2: Foul Ball, location: 2F
1-2: SINGLE (Line Drive, 9S)
Batting: LHB Mike Bowers 0-0: Ball
1-0: Called Strike
1-1: Ball
2-1: Ball
3-1: Swinging Strike
3-2: Base on Balls
Peyton Ryan to second
Pitching: RHP Bob Taylor
Batting: RHB Félix Chávez 0-0: Fly out, F8 (Flyball, 8RM)
Batting: RHB Sidney Gilbert 0-0: Ball
Wild Pitch!
Peyton Ryan to third
Mike Bowers to second
1-0: Ball
2-0: Ball
3-0: Called Strike
3-1: Base on Balls
Batting: RHB Andrew Jenkins 0-0: Fly out, F8 (Flyball, 78XD)
Top of the 8th over - 0 run(s), 1 hit(s), 0 error(s), 3 left on base; Kansas 2 - Xavier 10
BOTTOM OF THE 8TH
Xavier Musketeers batting - Pitching for Kansas Jayhawks : RHP Lance Ramsey
Batting: RHB Les Rupp 0-0: Ball
1-0: Ball
2-0: SINGLE (Line Drive, 6)
Batting: LHB Bobby Meegan 0-0: Ball
1-0: Ball
2-0: Ball
3-0: Base on Balls
Les Rupp to second
Batting: RHB Bobby Doyle 0-0: Ball
1-0: Called Strike
1-1: Foul Ball, location: 2F
1-2: Ball
2-2: Fly out, F8 (Flyball, 78M)
Batting: RHB Art Cornell 0-0: Swinging Strike
0-1: Called Strike
0-2: SINGLE (Flyball, 7S)
Les Rupp to third
Bobby Meegan to second
Runner from 3rd tries for Home, throw and OUT!
Bobby Meegan to third
Art Cornell to second
Batting: RHB Florentino López 0-0: Swinging Strike
0-1: Fly out, F8 (Flyball, 89D)
Bottom of the 8th over - 0 run(s), 2 hit(s), 0 error(s), 2 left on base; Kansas 2 - Xavier 10
TOP OF THE 9TH
Kansas Jayhawks batting - Pitching for Xavier Musketeers : RHP Bob Taylor
Batting: RHB Mike Hill 0-0: Called Strike
0-1: Foul Ball, location: 2F
0-2: Ball
1-2: Foul Ball, location: 2F
1-2: Foul Ball, location: 2F
1-2: Ground out 6-3 (Groundball, 6)
Batting: RHB George Gardner 0-0: Foul Ball, location: 2F
0-1: Ball
1-1: Ball
2-1: Foul Ball, location: 2F
2-2: Ball
3-2: Strikes out looking
Batting: RHB Allen Barlow 0-0: Foul Ball, location: 2F
0-1: Swinging Strike
0-2: Foul Ball, location: 2F
0-2: Fly out, F8 (Line Drive, 8LM)
Top of the 9th over - 0 run(s), 0 hit(s), 0 error(s), 0 left on base; Kansas 2 - Xavier 10
Tuesday, August 8th, 2017 - OOTP Baseball 17.12 Build 75